 Dungeon Crawl Stone Soup version 0.22-b1-21-g5cfc168 (webtiles) character file.

346 tyranidshit the Skirmisher (level 6, -2/51 HPs)
             Began as a Demonspawn Abyssal Knight on Aug 2, 2018.
             Was a Believer of Lugonu.
             Slain by an ogre
             ... wielding a cursed -1 giant spiked club
              (5 damage)
             ... on level 4 of the Dungeon.
             The game lasted 00:06:01 (2854 turns).

tyranidshit the Skirmisher (DsAK)                   Turns: 2854, Time: 00:06:01

Health: -2/51      AC: 12    Str: 15    XL:     6   Next: 32%
Magic:  7/7        EV:  7    Int: 13    God:    Lugonu [**....]
Gold:   168        SH:  3    Dex: 12    Spells: 5/5 levels left

rFire    . . .     SeeInvis .   a - +1 hand axe
rCold    . . .     Gourm    .   (no shield)
rNeg     . . .     Faith    .   h - +1 chain mail
rPois    .         Spirit   .   (helmet restricted)
rElec    .         Reflect  +   (no cloak)
rCorr    .         Harm     .   (no gloves)
MR       .....                  (no boots)
Stlth    ++........             e - +3 amulet of reflection
HPRegen  0.17/turn              k - ring of stealth
MPRegen  0.10/turn              (no ring)

@: no status effects
A: horns 1, thin metallic scales 1, nightstalker 3
a: Depart the Abyss, Bend Space, Renounce Religion


You were on level 4 of the Dungeon.
You worshipped Lugonu.
Lugonu was pleased with you.
You were not hungry.

You visited 1 branch of the dungeon, and saw 4 of its levels.
You visited the Abyss 1 time.

You collected 168 gold pieces.

Inventory:

Hand Weapons
 a - a +1 hand axe (weapon)
Armour
 h - a +1 chain mail (worn)
Jewellery
 e - a +3 amulet of reflection (around neck)
 k - a ring of stealth (left hand)
Scrolls
 b - a scroll of teleportation
 f - 2 scrolls of enchant armour
 i - a scroll of remove curse
 j - 3 scrolls of identify
Potions
 d - 3 potions of brilliance
 g - 2 potions of heal wounds
 l - a potion of agility
Comestibles
 c - 7 rations


   Skills:
 - Level 5.5 Fighting
 - Level 1.7 Axes
 + Level 4.5 Armour
 - Level 0.8 Dodging
 - Level 2.4 Invocations


You had 5 spell levels left.
You didn't know any spells.
Your spell library was empty.

Dungeon Overview and Level Annotations

Branches:
Dungeon (4/15)
 Temple: D:4-7

Altars:
Ashenzari
Elyvilon
Hepliaklqana
Makhleb
Qazlal
Uskayaw
Vehumet
Yredelemnul

Shops:
D:4 }*


Innate Abilities, Weirdness & Mutations

You have a pair of small horns on your head.
You are partially covered in thin metallic scales. (AC +2)
You are completely attuned to the shadows.


Message History

The ogre barely misses you.
You slash the ogre!
The ogre is heavily wounded.
Your chain mail prevents you from hitting the ogre.
The ogre is heavily wounded.
The ogre hits you with a giant spiked club!
You hit the ogre. You headbutt the ogre.
The ogre is severely wounded.
The ogre hits you with a giant spiked club!!
* * * LOW HITPOINT WARNING * * *
Found a stone staircase leading up.
You aren't carrying any items that you can evoke.
You hit the ogre.
The ogre is severely wounded.
The ogre hits you with a giant spiked club!
* * * LOW HITPOINT WARNING * * *
You hit the ogre.
The ogre is almost dead.
The ogre hits you with a giant spiked club.
You die...

................................#
..............................^..
...>.........................####
...#################....####.#
.#... #..............#.# .....
...............#<... .....
#..............# ... .....
...............#..... .....
+#@O.........#.#... ....#
#.......).....#... ....#.
#.......∩..†##.... ......
.#+#......#...))..... .....#
##.........#...††..... .....+...
...........#..........
.###.#...####.........#..........
.###.......# #...##...#.##+###...
...........# #........#......#...


You could see an ogre.

Vanquished Creatures
  An ogre (D:4)
  An orc priest (D:4)
  A centaur skeleton (D:3)
  A hound (D:3)
  An orc wizard (D:4)
  7 adders
  A dart slug (D:2)
  2 leopard geckos
  An orc (D:4)
  13 bats
  7 giant cockroaches
  11 goblins
  5 hobgoblins
  6 jackals
  2 ball pythons
  2 frilled lizards (D:2)
  8 kobolds
  12 rats
82 creatures vanquished.

Notes
Turn   | Place    | Note
-------+----------+-------------------------------------------
     0 | Abyss:1  | tyranidshit the Demonspawn Abyssal Knight began the quest for the Orb.
     0 | Abyss:1  | Reached XP level 1. HP: 18/18 MP: 2/2
    97 | Abyss:1  | Noticed a large abomination
    97 | Abyss:1  | Noticed a raiju
   100 | D:1      | Escaped the Abyss
   258 | D:1      | Gained mutation: You are partially covered in thin metallic scales. (AC +2) [demonic ancestry]
   258 | D:1      | Reached XP level 2. HP: 16/24 MP: 3/3
   398 | D:1      | Reached * piety under Lugonu
   401 | D:1      | Reached skill level 4 in Fighting
   859 | D:2      | Gained mutation: You are slightly more attuned to the shadows. [demonic ancestry]
   859 | D:2      | Reached XP level 3. HP: 24/30 MP: 4/4
  1123 | D:2      | Found a faded altar of an unknown god.
  1234 | D:2      | Gained mutation: You are significantly more attuned to the shadows. [demonic ancestry]
  1234 | D:2      | Reached XP level 4. HP: 26/38 MP: 5/5
  1272 | D:2      | Reached skill level 5 in Fighting
  1456 | D:2      | Reached ** piety under Lugonu
  1496 | D:2      | Found a hide-covered altar of Uskayaw.
  1528 | D:2      | Found a basalt altar of Yredelemnul.
  1531 | D:2      | Found a white marble altar of Elyvilon.
  1532 | D:2      | Found a shattered altar of Ashenzari.
  1532 | D:2      | Found a hazy altar of Hepliaklqana.
  1533 | D:2      | Found a burning altar of Makhleb.
  2173 | D:3      | Found a radiant altar of Vehumet.
  2173 | D:3      | Found a stormy altar of Qazlal.
  2243 | D:3      | Gained mutation: You have a pair of small horns on your head. [demonic ancestry]
  2243 | D:3      | Reached XP level 5. HP: 38/44 MP: 6/6
  2584 | D:4      | Found Hoop Voa's General Store.
  2683 | D:4      | Noticed an ogre
  2694 | D:4      | Killed an ogre
  2694 | D:4      | Gained mutation: You are completely attuned to the shadows. [demonic ancestry]
  2694 | D:4      | Reached XP level 6. HP: 38/51 MP: 7/7
  2766 | D:4      | Found Apsestabb's Gadget Shoppe.
  2853 | D:4      | HP: 2/51 [ogre/giant spiked club (13)]
  2854 | D:4      | Slain by an ogre

Skill      XL: |  1  2  3  4  5 |
---------------+----------------+-----
Fighting       | 4 5 |  5.5
Armour         | 2 4 |  4.5
Axes           | |  1.7
Dodging        | |  0.8
Invocations    | |  2.4

Action                   |  1- 3 |  4- 6 || total
-------------------------+-------+-------++-------
Melee: Hand axe          |   110 |   164 ||   274
       Headbutt          |       |     9 ||     9
Invok: Depart the Abyss  |     1 |       ||     1
Evoke: Wand              |       |     2 ||     2
  Use: Potion            |     2 |     3 ||     5
       Scroll            |     5 |     1 ||     6
 Stab: Sleeping          |     1 |     2 ||     3
  Eat: Ration            |     1 |     1 ||     2
Armor: Leather armour    |    21 |       ||    21
       Chain mail        |    61 |   170 ||   231
Dodge: Dodged            |    54 |    54 ||   108
Block: Other             |    11 |    24 ||    35
       Reflection        |       |     2 ||     2
